 Dungeon Crawl Stone Soup version 0.18.1-50-g88ac8fd (webtiles) character file.

35 grisgris the Vexing (level 3, -6/24 HPs)
             Began as a Vampire Enchanter on Oct 23, 2016.
             Mangled by a worm (7 damage)
             ... on level 2 of the Dungeon.
             The game lasted 00:04:15 (1335 turns).

grisgris the Vexing (Vampire Enchanter)             Turns: 1335, Time: 00:04:16

Health: -6/24      AC:  5    Str:  8    XL:     3   Next: 16%
Magic:  3/6        EV: 13    Int: 17    God:
Gold:   80         SH:  0    Dex: 14    Spells: 2 memorised, 1 level left

rFire  . . .     SeeInvis +     a - +1 dagger
rCold  + . .     Gourm    .     b - +1 robe
rNeg   + + .     Faith    .     (no shield)
rPois  +         Spirit   .     (no helmet)
rElec  .         Dismiss  .     (no cloak)
rCorr  .         Reflect  .     f - +1 pair of gloves
SustAt .         Harm     .     (no boots)
MR     .....                    (no amulet)
Stlth  +++.......               (no ring)
                                (no ring)

@: regenerating slowly, not resistant to hostile enchantments, fairly stealthy
A: fangs 3, see invisible, unbreathing
a: Bat Form


You were on level 2 of the Dungeon.
You were very thirsty.

You visited 1 branch of the dungeon, and saw 2 of its levels.

You collected 80 gold pieces.

Inventory:

Hand Weapons
 a - a +1 dagger (weapon)
Armour
 b - a +1 robe (worn)
 f - a +1 pair of gloves (worn)
Scrolls
 e - a scroll of remove curse
Potions
 d - a potion of blood
Books
 c - a book of Maledictions

   Spells                             Type                      Level
   a - Corona                         Hexes                        1
   b - Ensorcelled Hibernation        Hexes/Ice                    2
   c - Confuse                        Hexes                        3
   d - Tukima's Dance                 Hexes                        3
   e - Dazzling Spray                 Conjuration/Hexes            3


   Skills:
 + Level 1.5 Short Blades
 + Level 2.5 Dodging
 + Level 4.6 Stealth
 + Level 2.2 Spellcasting
 + Level 5.0 Hexes
 + Level 0.6 Ice Magic


You had one spell level left.
You knew the following spells:

 Your Spells              Type           Power        Failure   Level  Hunger
a - Ensorcelled Hibernat  Hex/Ice        ##....       12%         2    ###....
b - Confuse               Hex            ###.....     10%         3    ###....


Dungeon Overview and Level Annotations

Branches:
Dungeon (2/15)

Altars:


Innate Abilities, Weirdness & Mutations

You heal slowly.
You have razor-sharp teeth.
You have supernaturally acute eyesight.
You can survive without breathing.


Message History

Confirm with . or Enter, or press ? or * to list all spells.
You don't know that spell.
Unknown command.
You barely miss the worm.
The worm is severely wounded.
The worm bites you!
Ouch! That really hurt!
* * * LOW HITPOINT WARNING * * *
You hit the worm but do no damage.
The worm is heavily wounded.
You hit the worm.
The worm is severely wounded.
The worm bites you.
* * * LOW HITPOINT WARNING * * *
You hit the worm.
The worm is almost dead.
You barely miss the worm.
The worm is almost dead.
The worm bites you!
You die...

****************
*,,,,,,,,,,,,,,*
*,********,***,****#####
*,* *,,,,,,* *,,,,,,...#
*,*
*,***#,***,******#.#######
*,* *,* ##.,,>,* #....)...
*,*
*,###...##########.#.###.#
*,* *,.!....w@)(.......#.#
#.. *,*
*,[##...######....#..# ###
*,* *,,*##.** #.###.###
*,***,,**#,* #.# #.#
*,,,,,,,,,,* #.# #.#**
***,**,***** #.#*#..,*****
*,**,* #.#*.##*,*,,,
*,**,******* #.#,#* **,***
*,**,,,,,,,****#.,** *,,,,


You could see a worm.

Vanquished Creatures
  An ooze (D:1)
  2 dart slugs (D:1)
  An orc (D:2)
  A giant cockroach (D:2)
  3 goblins
  2 hobgoblins (D:1)
  7 kobolds
  A quokka (D:2)
  2 bats
  A giant newt (D:2)
  3 rats
24 creatures vanquished.

Notes
Turn   | Place    | Note
--------------------------------------------------------------
     0 | D:1      | grisgris the Vampire Enchanter began the quest for the Orb.
     0 | D:1      | Reached XP level 1. HP: 13/13 MP: 3/3
   267 | D:1      | Reached XP level 2. HP: 19/19 MP: 5/5
   271 | D:1      | Learned a level 2 spell: Ensorcelled Hibernation
  1160 | D:2      | Reached XP level 3. HP: 24/24 MP: 2/6
  1225 | D:2      | Learned a level 3 spell: Confuse
  1273 | D:2      | Reached skill level 5 in Hexes
  1333 | D:2      | HP: 1/24 [worm (6)]
  1335 | D:2      | Mangled by a worm

Skill      XL: |  1  2  3 |
---------------+----------+-----
Hexes          | 5 |  5.0
Short Blades   | |  1.5
Dodging        | |  2.5
Stealth        | |  4.6
Spellcasting   | |  2.2
Ice Magic      | |  0.6

Action                   || total
-------------------------++-------
Melee: Dagger            ||    62
       Bite              ||     5
 Cast: Corona            ||     1
       Ensorcelled Hiber ||    19
       Confuse           ||     1
  Use: Scroll            ||     4
       Potion            ||     2
 Stab: Sleeping          ||    20
Armor: Robe              ||     7
Dodge: Dodged            ||    24
